 Dungeon Crawl Stone Soup version 0.30-b1-2-g02819fbbbe (webtiles) character file.

Game seed: 17608067436360145064

255842 funkygono the Hoplite (level 19, -8/181 HPs)
             Began as a Minotaur Fighter on May 24, 2023.
             Was a High Priest of Okawaru.
             Killed from afar by an ironbound thunderhulk (36 damage)
             ... with a bolt of lightning
             ... on level 1 of the Vaults on May 25, 2023.
             The game lasted 01:32:03 (32830 turns).

funkygono the Hoplite (Minotaur Fighter)           Turns: 32830, Time: 01:32:03

Health: -8/181     AC: 31    Str: 35    XL:     19   Next: 5%
Magic:  30/30      EV: 20    Int:  5    God:    Okawaru [*****.]
Gold:   3307       SH: 31    Dex: 11    Spells: 18/18 levels left

rFire   . . .        P - +11 broad axe of Stickiness {holy, rN+ MP+9 Str-2 SInv}
rCold   + . .        W - +4 tower shield of Failure {Str+3}
rNeg    + . .        o - +3 plate armour {rC+}
rPois   .            c - +2 hat
rElec   .            I - +1 cloak
rCorr   .            h - +3 pair of gauntlets of War {Slay+5}
SInv    +            t - +1 pair of boots
Will    +....        a - amulet of reflection Stlth
                     F - ring of the Hare {EV+10}
HPRegen 0.50/turn    e - +6 ring of strength
MPRegen 0.22/turn

%: reflection
@: studying 2 skills
A: horns 2, retaliatory headbutt
}: 2/15 runes: decaying, gossamer
a: Renounce Religion, Heroism, Finesse, Duel


You were on level 1 of the Vaults.
You worshipped Okawaru.
Okawaru was extremely pleased with you.
You visited 7 branches of the dungeon, and saw 32 of its levels.
You also visited: Sewer, Ossuary and Gauntlet.

You collected 5983 gold pieces.
You spent 2676 gold pieces at shops.

Inventory:

Hand Weapons
 L - a +6 heavy broad axe
 P - the +11 broad axe of Stickiness (weapon) {holy, rN+ MP+9 Str-2 SInv}
   (Okawaru gifted it to you on level 5 of the Lair of Beasts)

   Str:       It affects your strength (-2).
   rN:        It protects you from negative energy.
   MP:        It affects your magic capacity (+9).
   SInv:      It lets you see invisible.
Missiles
 y - 15 boomerangs (quivered)
 z - 4 throwing nets
 O - 9 silver javelins
 V - 11 javelins
Armour
 c - a +2 hat (worn)
 h - the +3 pair of gauntlets of War (worn) {Slay+5}
   (You acquired it on level 4 of the Dungeon)

   Slay:      It affects your accuracy & damage with ranged weapons and melee
   (+5).
 o - a +3 plate armour of cold resistance (worn)
 t - a +1 pair of boots (worn)
 B - the +0 plate armour of Dramatic Exits {rC+ Str+5 Int-2}
   (You bought it in a shop on level 10 of the Dungeon)

   Str:       It affects your strength (+5).
   Int:       It affects your intelligence (-2).
   rC:        It protects you from cold.
 I - a +1 cloak (worn)
 W - the +4 tower shield of Failure (worn) {Str+3}
   (Okawaru gifted it to you on level 4 of the Lair of Beasts)

   Str:       It affects your strength (+3).
Jewellery
 a - an amulet of reflection (around neck)
 b - a ring of poison resistance
 e - a +6 ring of strength (right hand)
 k - a ring of protection from fire
 m - a ring of positive energy
 F - the ring of the Hare (left hand) {EV+10}
   (You bought it in a shop on level 2 of the Orcish Mines)

   [ring of evasion]

   EV:        It affects your evasion (+10).
 J - a ring of flight
 S - an amulet of magic regeneration
Wands
 w - a wand of roots (34)
 C - a wand of paralysis (12)
 K - a wand of mindburst (36)
 M - a wand of quicksilver (19)
 N - a wand of flame (79)
 Q - a wand of digging (6)
Scrolls
 f - 4 scrolls of magic mapping
 g - 5 scrolls of blinking
 n - 2 scrolls of amnesia
 q - 13 scrolls of teleportation
 u - 16 scrolls of identify
 E - 3 scrolls of fear
 H - a scroll of silence
 R - 3 scrolls of fog
Potions
 d - 8 potions of might
 i - 4 potions of berserk rage
 j - 3 potions of invisibility
 l - 12 potions of heal wounds
 p - 14 potions of curing
 r - 3 potions of flight
 s - 4 potions of cancellation
 v - 8 potions of haste
 A - 15 potions of ambrosia
 D - 5 potions of resistance


   Skills:
 + Level 18.9 Fighting
 + Level 22.1 Axes
 + Level 9.1 Throwing
 + Level 14.9 Armour
 + Level 4.2 Dodging
 + Level 2.5 Stealth
 + Level 23.2 Shields
 + Level 4.4 Invocations


You had 18 spell levels left.
You didn't know any spells.
Your spell library contained the following spells:

 Spells                   Type           Power      Damage    Failure   Level
 Apportation              Tloc           0%         N/A       96%         1
 Beastly Appendage        Tmut           0%         N/A       96%         1
 Foxfire                  Conj/Fire      0%         2x1d4     96%         1
 Freeze                   Ice            0%         1d3       96%         1
 Kiss of Death            Conj/Necr      0%         2d5       96%         1
 Magic Dart               Conj           0%         1d3       96%         1
 Shock                    Conj/Air       0%         1d3       96%         1
 Cigotuvi's Dreadful Rot  Necr/Pois/Air  0%         N/A       99%         2
 Sublimation of Blood     Necr           0%         N/A       99%         2
 Wereblood                Tmut           0%         N/A       99%         2
 Confusing Touch          Hex            0%         N/A       100%        3
 Dazzling Flash           Conj/Hex       0%         N/A       100%        3
 Frozen Ramparts          Ice            0%         1d1       100%        3
 Gell's Gravitas          Tloc           0%         N/A       100%        3
 Hailstorm                Conj/Ice       0%         3d3       100%        3
 Ignite Poison            Fire/Tmut/Pois 0%         N/A       100%        3
 Inner Flame              Hex/Fire       0%         N/A       100%        3
 Mephitic Cloud           Conj/Pois/Air  0%         N/A       100%        3
 Spider Form              Tmut/Pois      0%         N/A       100%        3
 Swiftness                Air            0%         N/A       100%        3
 Teleport Other           Tloc           0%         N/A       100%        3
 Volatile Blastmotes      Fire/Tloc      0%         2d10      100%        3
 Airstrike                Air            0%         2d(0-16)  100%        4
 Anguish                  Hex/Necr       0%         N/A       100%        4
 Dispel Undead            Necr           0%         3d6       100%        4
 Flame Wave               Conj/Fire      0%         2d4       100%        4
 Iskenderun's Mystic Bla  Conj/Tloc      0%         2d3       100%        4
 Olgreb's Toxic Radiance  Pois           0%         N/A       100%        4
 Petrify                  Tmut/Erth      0%         N/A       100%        4
 Sticky Flame             Conj/Fire      0%         2d3       100%        4
 Alistair's Intoxication  Tmut/Pois      0%         N/A       100%        5
 Borgnjor's Vile Clutch   Necr/Erth      0%         N/A       100%        5
 Fireball                 Conj/Fire      0%         3d3       100%        5
 Freezing Cloud           Conj/Ice/Air   0%         6-21      100%        5
 Irradiate                Conj/Tmut      0%         3d11      100%        5
 Silence                  Hex/Air        0%         N/A       100%        5
 Dispersal                Tloc           0%         N/A       100%        6
 Eringya's Noxious Bog    Tmut/Pois      0%         N/A       100%        6
 Plasma Beam              Fire/Air       0%         2x1d11    100%        6
 Starburst                Conj/Fire      0%         6d3       100%        6
 Enfeeble                 Hex            0%         N/A       100%        7
 Orb of Destruction       Conj           0%         9d5       100%        7
 Storm Form               Tmut/Air       0%         N/A       100%        7
 Discord                  Hex            0%         N/A       100%        8
 Ignition                 Fire           0%         3d3       100%        8
 Maxwell's Capacitive Co  Air            0%         ∞         100%        8
 Call Imp                 Summ           Unusable   N/A       N/A         2
 Summon Guardian Golem    Hex/Summ       Unusable   N/A       N/A         3
 Summon Lightning Spire   Summ/Air       Unusable   N/A       N/A         4
 Death Channel            Necr           Unusable   N/A       N/A         6
 Spellforged Servitor     Conj/Summ      Unusable   N/A       N/A         7
 Summon Hydra             Summ           Unusable   N/A       N/A         7

Dungeon Overview and Level Annotations

Branches:
Dungeon (15/15)            Temple (1/1) D:6            Lair (5/5) D:9
  Swamp (4/4) Lair:3       Spider (4/4) Lair:3        Slime (0/5) Lair:4
    Orc (2/2) D:10            Elf (0/3) Orc:2        Vaults (1/5) D:13
 Depths (0/4) D:15          Sewer (visited)         Ossuary (visited)
Gauntlet (visited)

Altars:
Ashenzari
Cheibriados
Dithmenos
Elyvilon
Fedhas
Gozag
Hepliaklqana
Kikubaaqudgha
Makhleb
Nemelex Xobeh
Okawaru
Qazlal
Ru
Sif Muna
Trog
Uskayaw
Vehumet
Wu Jian
Xom
Yredelemnul
Zin
The Shining One
Jiyva

Shops:
D:5 [   D:9 *   D:10 [[   D:11 =[   Orc:2 [(=*


Innate Abilities, Weirdness & Mutations

You have a pair of horns on your head.
You reflexively headbutt those who attack you in melee.


Message History

You cut the deep troll into ribbons!!! Your headbutt misses the deep troll.
The deep troll is severely wounded.
You slice the deep troll!! You headbutt the deep troll!!
The deep troll is severely wounded.
You barely miss the deep troll. You block the deep troll's attack.
The deep troll barely misses you.
The deep troll claws you but does no damage.
You block the deep troll's attack. x2; The deep troll completely misses you.
Electricity crackles from the ironbound thunderhulk's apparatus.
The bolt of lightning hits you!!!
* * * LOW HITPOINT WARNING * * *
You slice the deep troll!!
You kill the deep troll!
Okawaru accepts your kill.
You closely miss the deep troll.
You feel much better.
You feel much better. You block the deep troll's attack. x5
The deep troll closely misses you.
Strange energies crackle from the ironbound thunderhulk's apparatus.
The ironbound thunderhulk blinks!
You slice the deep troll!!
The deep troll is moderately wounded.
You hit the deep troll.
You feel like a meek peon again. The deep troll completely misses you.
You furiously retaliate!
You headbutt the deep troll! You block the deep troll's attack. x3
The deep troll barely misses you. The deep troll misses you.
Electricity crackles from the ironbound thunderhulk's apparatus.
The bolt of lightning hits you!!
* * * LOW HITPOINT WARNING * * *
You open the deep troll like a pillowcase!!!
You kill the deep troll!
Okawaru accepts your kill.
The troll leather armour is intact enough to wear.
You slice the deep troll!!
You kill the deep troll!
Okawaru accepts your kill.
Electricity crackles from the ironbound thunderhulk's apparatus.
The bolt of lightning hits you!!!
You die...

#################
.................
.........######## #+##
.........# .....
.........#########......
.........#))....@[§.....
#....[...+.)....†#......
#........#.......# .O...
#........#.......# ....
#........#.......# ...
#........#.......# ..
#........#.......# .
#........#######+#
#........# ..


You could see an ironbound thunderhulk.

Vanquished Creatures
  Kirke (Spider:2)
  Agnes (D:15)
  2 thorn hunters
  A fenstrider witch (Swamp:4)
  An azure jelly (Swamp:4)
  The ghost of Flugkiller the Spry, an adept TeIE of Uskayaw (Spider:3)
  6 emperor scorpions
  A vault warden (Vaults:1)
  5 ghost moths
  An orc warlord (Orc:2)
  An ironbound preserver (Vaults:1)
  A broodmother (Spider:4)
  7 eleionomae
  4 dire elephants (Vaults:1)
  3 bunyips
  A spark wasp (Spider:4)
  A minotaur (Gauntlet)
  3 entropy weavers
  A shambling mangrove (Swamp:1)
  3 ice dragons (Swamp:4)
  A yaktaur captain (Vaults:1)
  10 hydras
  4 vault guards (D:13)
  A jorogumo (Spider:3)
  2 catoblepae
  3 ghost crabs
  6 radroaches
  A merfolk avatar (Lair:5)
  8 alligators
  7 boulder beetles
  A death knight (D:12)
  The ghost of eelars the Cleaver, a novice HOFi of Nemelex Xobeh (D:9)
  6 death yaks (Lair:4)
  4 centaur warriors
  7 two-headed ogres
  4 tengu warriors
  A spriggan berserker (Swamp:2)
  Urug (Lair:3)
  Sonja (Lair:3)
  Nergalle (Lair:3)
  An orc high priest (Orc:2)
  Lodul (D:13)
  A skyshark (Lair:4)
  6 spriggan druids
  A death drake (shapeshifter) (D:15)
  6 pharaoh ants
  5 deep trolls
  7 goliath frogs
  3 swamp dragons
  A sixfirhy (D:13)
  7 orb spiders
  7 slime creatures
  A steelbarb worm (Spider:3)
  3 orc knights (Orc:2)
  A wizard (D:13)
  4 bog bodies
  3 harpies (Lair:5)
  Pikel (D:7)
  10 ugly things
  6 orc sorcerers
  A necromancer (D:15)
  17 wolf spiders
  3 deep elf pyromancers
  4 will-o-the-wisps
  6 manticores
  4 cyclopes
  3 black mambas (Lair:5)
  2 moths of wrath
  5 demonic crawlers
  23 elephants
  2 molten gargoyles (Gauntlet)
  12 cane toads
  4 torpor snails
  5 gargoyles
  Psyche (D:9)
  5 rime drakes
  2 unseen horrors
  2 kobold demonologists
  12 komodo dragons
  5 yaktaurs (Vaults:1)
  4 tengu conjurers
  5 freezing wraiths
  6 meliai
  A wind drake (Lair:5)
  12 trolls
  2 bloated husks
  3 tyrant leeches
  14 hornets
  2 queen bees
  28 tarantellas
  3 polar bears
  A snapping turtle (Lair:5)
  11 blink frogs
  7 dream sheep (Lair:2)
  9 flying skulls (Gauntlet)
  26 jumping spiders
  25 culicivoras
  Sigmund (D:4)
  A vampire (D:9)
  A shadow (D:11)
  10 spriggans
  2 wraiths
  A human (Spider:2)
  8 wyverns
  3 basilisks
  41 yaks
  2 hogs (Spider:2)
  Grum (D:8)
  45 redbacks
  2 steam dragons
  16 vampire mosquitoes
  4 swamp worm simulacra (Swamp:4)
  18 swamp worms
  3 acid dragons
  4 wargs
  17 water moccasins
  14 hydra simulacra (Swamp:4)
  3 sky beasts
  30 orc warriors
  3 black bears
  11 ogres
  2 swamp drakes
  5 ice beasts
  6 centaurs
  24 wolves
  A lemure (D:7)
  2 phantoms
  6 kobold brigands
  18 bullfrogs
  5 gnoll sergeants
  7 elf zombies (Ossuary)
  7 scorpions
  7 wights
  26 killer bees
  4 howler monkeys
  3 centaur zombies (Ossuary)
  8 hounds
  6 gnoll boudas
  2 human zombies (Ossuary)
  13 orc priests
  9 jellies
  5 sleepcaps
  3 iguanas
  21 orc wizards
  4 mummies
  Robin (D:4)
  34 gnolls
  6 adders
  5 river rats
  2 shadow imps (D:7)
  3 white imps
  An ufetubus (D:5)
  4 swamp drake simulacra (Swamp:4)
  5 worms
  4 dart slugs
  74 orcs
  12 endoplasms
  6 giant cockroaches
  17 goblins
  4 hobgoblins (D:4)
  3 jackals
  29 kobolds
  15 ball pythons
  8 bats
  6 frilled lizards
  2 kobold zombies (D:7)
  9 rats
  11 briar patches
  3 bushes (Lair:5)
1166 creatures vanquished.

Vanquished Creatures (others)
  A spriggan (Swamp:1)
  A torpor snail (Spider:3)
  A hornet (Swamp:1)
  2 culicivoras (Spider:2)
  2 redbacks (Spider:2)
  A swamp worm (Swamp:4)
  A kobold brigand (D:7)
  20 foxfires
  67 fungi
  148 plants
  3 toadstools (D:7)
247 creatures vanquished.

Grand Total: 1413 creatures vanquished

Notes
Turn   | Place    | Note
-------+----------+-------------------------------------------
     0 | D:1      | funkygono the Minotaur Fighter began the quest for the Orb.
     0 | D:1      | Reached XP level 1. HP: 19/19 MP: 0/0
   134 | D:1      | Reached XP level 2. HP: 27/27 MP: 1/1
   551 | D:2      | Reached skill level 4 in Shields
   600 | D:2      | Found a blossoming altar of Fedhas.
   789 | D:2      | Reached XP level 3. HP: 33/33 MP: 2/2
  1304 | D:3      | Found a faded altar of an unknown god.
  1560 | D:3      | Reached skill level 1 in Dodging
  1560 | D:3      | Reached XP level 4. HP: 32/40 MP: 3/3
  1617 | D:3      | Found a glowing drain.
  1624 | Sewer    | Entered a sewer
  1841 | Sewer    | Reached XP level 5. HP: 46/46 MP: 4/4
  1951 | Sewer    | Found a viscous altar of Jiyva.
  2109 | D:3      | Reached skill level 5 in Axes
  2490 | D:3      | Reached XP level 6. HP: 45/53 MP: 5/5
  2798 | D:4      | Reached skill level 5 in Armour
  2995 | D:4      | Reached skill level 5 in Shields
  3000 | D:4      | Reached XP level 7. HP: 28/60 MP: 3/6
  3201 | D:4      | Reached skill level 5 in Fighting
  3235 | D:4      | Noticed Robin
  3241 | D:4      | Killed Robin
  3362 | D:4      | Reached XP level 8. HP: 47/68 MP: 7/7
  3498 | D:4      | Noticed Sigmund
  3512 | D:4      | Killed Sigmund
  4299 | D:4      | Identified a scroll of acquirement
  4299 | D:4      | Acquired the +3 pair of gauntlets of War {Slay+5}
  4299 | D:4      | Found the +3 pair of gauntlets of War {Slay+5}
  4428 | D:5      | Entered Level 5 of the Dungeon
  4461 | D:5      | Reached skill level 10 in Axes
  4836 | D:5      | Reached XP level 9. HP: 65/77 MP: 6/8
  4951 | D:5      | Found Nebi Boe's Armour Boutique.
  5169 | D:6      | Reached skill level 6 in Shields
  5326 | D:6      | Killed an unseen horror
  5657 | D:6      | Found a staircase to the Ecumenical Temple.
  5663 | Temple   | Entered the Ecumenical Temple
  5674 | Temple   | Became a worshipper of Warmaster Okawaru
  5969 | D:7      | Found a sand-covered staircase.
  5974 | Ossuary  | Entered an ossuary
  6040 | Ossuary  | Reached * piety under Okawaru
  6196 | D:7      | Reached XP level 10. HP: 90/90 MP: 9/9
  6358 | D:7      | Reached ** piety under Okawaru
  6450 | D:7      | Reached skill level 7 in Shields
  6458 | D:7      | Noticed a boulder beetle
  6476 | D:7      | Noticed a deep elf pyromancer
  6498 | D:7      | Killed a boulder beetle
  6511 | D:7      | Reached *** piety under Okawaru
  6521 | D:7      | Killed a deep elf pyromancer
  6825 | D:7      | Identified the +0 falchion of Nightmares {antimagic, Int+5}
  7094 | D:7      | Noticed Pikel
  7110 | D:7      | Killed Pikel
  7111 | D:7      | Reached skill level 8 in Shields
  7111 | D:7      | Reached XP level 11. HP: 99/99 MP: 7/10
  7361 | D:8      | Reached **** piety under Okawaru
  7362 | D:8      | Reached skill level 10 in Fighting
  7370 | D:8      | Reached skill level 15 in Axes
  7478 | D:8      | Noticed Grum
  7492 | D:8      | Killed Grum
  7760 | D:8      | Noticed a two-headed ogre
  7770 | D:8      | Killed a two-headed ogre
  7811 | D:8      | Noticed a two-headed ogre
  7816 | D:8      | Killed a two-headed ogre
  7816 | D:8      | Reached ***** piety under Okawaru
  8007 | D:8      | Noticed a two-headed ogre
  8016 | D:8      | Killed a two-headed ogre
  8189 | D:8      | Found a basalt altar of Yredelemnul.
  8190 | D:8      | Found an ancient bone altar of Kikubaaqudgha.
  8192 | D:8      | Found a shimmering blue altar of Sif Muna.
  8192 | D:8      | Found a shimmering altar of Xom.
  8408 | D:9      | Reached skill level 9 in Shields
  8463 | D:9      | Reached skill level 1 in Stealth
  8559 | D:9      | Noticed Psyche
  8570 | D:9      | Killed Psyche
  9002 | D:9      | Reached skill level 10 in Shields
  9088 | D:9      | Found a staircase to the Lair.
  9196 | D:9      | Found a transporter.
  9226 | D:9      | Noticed eelars's ghost (novice HOFi)
  9230 | D:9      | Found a transporter.
  9325 | D:9      | Found Rium's General Store.
  9501 | Lair:1   | Entered Level 1 of the Lair of Beasts
  9567 | Lair:1   | Reached XP level 12. HP: 103/110 MP: 11/11
  9596 | Lair:1   | Received a gift from Okawaru
  9695 | Lair:1   | Reached skill level 1 in Invocations
  9829 | Lair:1   | Reached skill level 11 in Shields
  9925 | Lair:1   | Reached skill level 10 in Armour
 10381 | Lair:2   | Found a gate leading to a gauntlet.
 10390 | Gauntlet | Entered a Gauntlet
 10390 | Gauntlet | Found a transporter.
 10390 | Gauntlet | Found a transporter.
 10391 | Gauntlet | Found a transporter.
 10395 | Gauntlet | Found a transporter.
 10401 | Gauntlet | Noticed a catoblepas
 10410 | Gauntlet | Found a transporter.
 10474 | Gauntlet | Found a transporter.
 10476 | Gauntlet | Found a large runed translucent door.
 10490 | Gauntlet | Found a transporter.
 10506 | Gauntlet | Found a large runed translucent door.
 10507 | Gauntlet | Found a large runed translucent door.
 10508 | Gauntlet | Found a large runed translucent door.
 10508 | Gauntlet | Found a large runed translucent door.
 10508 | Gauntlet | Found a runed translucent door.
 10508 | Gauntlet | Found a runed translucent door.
 10509 | Gauntlet | Found a large runed translucent door.
 10510 | Gauntlet | Found a transporter.
 10529 | Gauntlet | Found a transporter.
 10552 | Gauntlet | Found a transporter.
 10569 | Gauntlet | Found a transporter.
 10573 | Gauntlet | Found a large runed translucent door.
 10574 | Gauntlet | Found a large runed translucent door.
 10575 | Gauntlet | Found a large runed translucent door.
 10576 | Gauntlet | Found a runed translucent gate.
 10577 | Gauntlet | Found a transporter.
 10577 | Gauntlet | Found a runed translucent gate.
 10578 | Gauntlet | Found a runed translucent gate.
 10579 | Gauntlet | Found a large runed translucent door.
 10579 | Gauntlet | Found a large runed translucent door.
 10580 | Gauntlet | Found a large runed translucent door.
 10581 | Gauntlet | Found a large runed translucent door.
 10591 | Gauntlet | Found a large runed translucent door.
 10591 | Gauntlet | Found a large runed translucent door.
 10592 | Gauntlet | Found a large runed translucent door.
 10692 | Gauntlet | Reached skill level 1 in Throwing
 10743 | Gauntlet | Killed a catoblepas
 10936 | Gauntlet | Identified the ring of Light {MP+9 Slay+6}
 10966 | Gauntlet | Identified the +5 dagger of Poenwik {heavy, rPois rC++
                  | Dex-3 Stlth+}
 10966 | Gauntlet | Noticed a minotaur
 10972 | Gauntlet | Killed a minotaur
 10972 | Gauntlet | Received a gift from Okawaru
 10982 | Gauntlet | Identified the staff of fire "Peez Feo" {Fragile rF+ rN+
                  | Str+7 Dex+3}
 10983 | Gauntlet | Got the Precepts of the Blasted Catacomb
 11567 | Lair:2   | Reached skill level 12 in Shields
 12131 | Lair:2   | Noticed a four-headed hydra
 12138 | Lair:2   | Killed a six-headed hydra
 12291 | Lair:3   | Noticed Sonja
 12304 | Lair:3   | Killed Sonja
 12305 | Lair:3   | Reached XP level 13. HP: 65/119 MP: 6/13
 12538 | Lair:3   | Received a gift from Okawaru
 12609 | Lair:3   | Reached skill level 13 in Shields
 12662 | Lair:3   | Found a hole to the Spider Nest.
 12820 | Lair:3   | Noticed Nergalle
 12830 | Lair:3   | Killed Nergalle
 13142 | Lair:3   | Noticed Urug
 13153 | Lair:3   | Killed Urug
 13273 | Lair:3   | Found a staircase to the Swamp.
 13630 | Lair:4   | Identified the +4 tower shield of Failure {Str+3} (Okawaru
                  | gifted it to you on level 4 of the Lair of Beasts)
 13630 | Lair:4   | Received a gift from Okawaru
 13631 | Lair:4   | Reached skill level 14 in Shields
 13968 | Lair:4   | HP: 2/122 [meliai/divine providence (12)]
 14541 | Lair:4   | Reached skill level 15 in Shields
 14609 | Lair:4   | You fall into a shaft and drop 1 floor!
 14609 | Lair:5   | Entered Level 5 of the Lair of Beasts
 14623 | Lair:5   | Reached XP level 14. HP: 107/130 MP: 13/15
 14915 | Lair:5   | Reached skill level 16 in Shields
 14968 | Lair:5   | Identified the +11 broad axe of Stickiness {holy, rN+ MP+9
                  | Str-2 SInv} (Okawaru gifted it to you on level 5 of the
                  | Lair of Beasts)
 14968 | Lair:5   | Received a gift from Okawaru
 15195 | Lair:5   | Reached skill level 17 in Shields
 15527 | Lair:5   | Got the Folio of Jinxing
 15541 | Lair:5   | Identified the +8 trident of Lomoomm {freeze, Int+2 Dex+3
                  | Stlth+}
 16052 | Lair:5   | Acquired 902 gold pieces
 16177 | Lair:4   | Found a viscous altar of Jiyva.
 16177 | Lair:4   | Found a staircase to the Slime Pits.
 16633 | D:9      | Killed eelars's ghost
 16686 | D:10     | Entered Level 10 of the Dungeon
 16686 | D:10     | Found Heant's Antique Armour Shop.
 16874 | D:10     | Found Toad's Armour Boutique.
 17163 | D:10     | Found a staircase to the Orcish Mines.
 17345 | Orc:1    | Entered Level 1 of the Orcish Mines
 17536 | Orc:1    | Reached skill level 18 in Shields
 17699 | Orc:1    | Acquired 853 gold pieces
 17720 | Orc:2    | Entered Level 2 of the Orcish Mines
 17747 | Orc:2    | Found a staircase to the Elven Halls.
 17809 | Orc:2    | Reached skill level 15 in Fighting
 17884 | Orc:2    | Noticed an orc warlord
 17914 | Orc:2    | Killed an orc warlord
 17914 | Orc:2    | Received a gift from Okawaru
 18344 | Orc:2    | Found Teustuj's Jewellery Shop.
 18436 | Orc:2    | Found Xuwow's Antique Armour Shop.
 18450 | Orc:2    | Found Ufokaogo's General Store.
 18602 | Orc:2    | Found Nayfeg's Antique Weapon Shop.
 18926 | Orc:1    | Received a gift from Okawaru
 19140 | D:10     | Bought a heavily runed plate armour for 756 gold pieces
 19140 | D:10     | Identified the +0 plate armour of Dramatic Exits {rC+ Str+5
                  | Int-2} (You bought it in a shop on level 10 of the Dungeon)
 19228 | Orc:2    | Bought the ring of the Hare {EV+10} for 1920 gold pieces
 19228 | Orc:2    | Found the ring of the Hare {EV+10}
 19322 | D:11     | Found Osmamm's Armour Shop.
 19331 | D:11     | Reached XP level 15. HP: 135/141 MP: 16/16
 19380 | D:11     | Found Cuetitt's Jewellery Shoppe.
 19466 | D:11     | Found a blossoming altar of Fedhas.
 20091 | Swamp:1  | Entered Level 1 of the Swamp
 20128 | Swamp:1  | Identified the +1 battleaxe "Jiagheon" {venom, Str+3 Dex+2}
                  | (Okawaru gifted it to you on level 1 of the Swamp)
 20128 | Swamp:1  | Received a gift from Okawaru
 20937 | Swamp:1  | Reached skill level 5 in Throwing
 21133 | Swamp:1  | Acquired 956 gold pieces
 21201 | Spider:1 | Entered Level 1 of the Spider Nest
 21423 | Spider:1 | Received a gift from Okawaru
 21663 | Spider:1 | Reached skill level 19 in Shields
 22052 | Spider:2 | Received a gift from Okawaru
 22149 | Spider:2 | Received a gift from Okawaru
 22205 | Spider:2 | Found the +3 salamander hide armour {Flames, rFlCloud rF++
                  | rC--}
 22256 | Spider:2 | Received a gift from Okawaru
 22273 | Spider:2 | Noticed Kirke
 22284 | Spider:2 | Killed Kirke
 22662 | Spider:3 | Noticed an emperor scorpion
 22676 | Spider:3 | Killed an emperor scorpion
 22679 | Spider:3 | Received a gift from Okawaru
 22680 | Spider:3 | Reached XP level 16. HP: 152/152 MP: 17/17
 22709 | Spider:3 | Found a runed translucent door.
 22822 | Spider:3 | Noticed Flugkiller's ghost (adept TeIE)
 22975 | Spider:3 | Reached skill level 20 in Shields
 23047 | Spider:3 | Found the +8 trishula "Condemnation" {holy, anguish, *Noise
                  | Fly rN+}
 23532 | Spider:3 | Received a gift from Okawaru
 23551 | Spider:3 | Killed Flugkiller's ghost
 23591 | Spider:4 | Entered Level 4 of the Spider Nest
 23983 | Spider:4 | Received a gift from Okawaru
 24127 | Spider:4 | Reached ****** piety under Okawaru
 24921 | Spider:4 | Got a gossamer rune of Zot
 25570 | Swamp:2  | Identified the +2 pair of gloves of the Sparrow {Str-2
                  | Dex+4} (Okawaru gifted it to you on level 2 of the Swamp)
 25570 | Swamp:2  | Received a gift from Okawaru
 25876 | Swamp:2  | Reached skill level 21 in Shields
 25876 | Swamp:2  | Reached XP level 17. HP: 162/162 MP: 19/19
 26491 | Swamp:2  | You are sucked into a shaft and drop 1 floor!
 26772 | Swamp:3  | Reached XP level 18. HP: 159/171 MP: 20/20
 27587 | Swamp:4  | Entered Level 4 of the Swamp
 28443 | Swamp:4  | Received a gift from Okawaru
 28590 | Swamp:4  | Identified the +0 chain mail "Fiwicam" {Str+2 SInv}
 28869 | Swamp:4  | Identified the +0 plate armour "Wiypn" {rF+++ rN++ Str-4
                  | Int-3} (Okawaru gifted it to you on level 4 of the Swamp)
 28869 | Swamp:4  | Received a gift from Okawaru
 28870 | Swamp:4  | Reached skill level 22 in Shields
 29112 | Swamp:4  | Got a decaying rune of Zot
 30247 | D:13     | Noticed Lodul
 30253 | D:13     | Killed Lodul
 30353 | D:13     | Found a gate to the Vaults.
 30644 | D:13     | Found a runed translucent door.
 31503 | D:14     | Found a hide-covered altar of Uskayaw.
 31621 | D:15     | Entered Level 15 of the Dungeon
 31686 | D:15     | Noticed Agnes
 31698 | D:15     | Killed Agnes
 31831 | D:15     | Found an ancient bone altar of Kikubaaqudgha.
 32025 | D:15     | Received a gift from Okawaru
 32450 | D:15     | Found a staircase to the Depths.
 32629 | Vaults:1 | Entered Level 1 of the Vaults
 32645 | Vaults:1 | Reached skill level 23 in Shields
 32809 | Vaults:1 | Reached XP level 19. HP: 114/181 MP: 21/21
 32825 | Vaults:1 | HP: 2/181 [ironbound thunderhulk/bolt of lightning (40)]
 32830 | Vaults:1 | Killed from afar by an ironbound thunderhulk

Illustrated notes

Levels and vault maps discovered:
D:1:      minmay_arrival_radiant_lines, layout_basic
D:2:      layout_basic, basic_altar, kennysheep_cluttered_room,
          minmay_misc_feat_roman, fountainhead
D:3:      layout_basic, serial_corexii_hall, chequers_hall_statues_corner_a,
          corexii_hall_statues_u, lightli_sewer_entry_pipes,
          ebering_ecumenical_altar_box, roderic_lattice_a,
          guppyfry_early_lair_pool
D:4:      layout_loops_ring, hangedman_decor_slide_cut, minmay_divided_ellipse,
          uniq_sigmund, uniq_robin
D:5:      layout_cave_pools, serial_gnoll_camp, gnoll_camp_medium_02,
          gnoll_camp_mini_hut, gnoll_camp_mini_hut, gnoll_camp_mini_hut,
          gnoll_camp_mini_shop
D:6:      layout_loops_ring, minmay_temple_entry_statues_pillars,
          minmay_manual_mandibuliform
D:7:      minmay_the_grid_octo_tiled_squarecenter [minmay_the_grid_octo_focus,
          minmay_the_grid_octo_tetromino_candy, minmay_the_grid_octo_clover,
          minmay_the_grid_octo_fat_diamond,
          minmay_the_grid_square_5x5_megaprize_crossed,
          minmay_the_grid_square_5x5_checkered_statues,
          minmay_the_grid_square_5x5_lines, minmay_the_grid_square_5x5_inner_z,
          minmay_the_grid_square_5x5_half_checkered], layout_loops_ring,
          nicolae_ossuary_entry_giza, minmay_gold_behind_fungi, uniq_pikel
D:8:      layout_basic, mainiacjoe_overflow_alcove_3, uniq_grum
D:9:      lemuel_troll_bridge, layout_basic, grunt_lair_entry_orc_guard_hut,
          gammafunk_ghost_hive, serial_shops, shop, nicolae_titane, uniq_psyche
D:10:     layout_rooms, hiddenorc1_lemuel, serial_shops,
          nicolae_shop_just_a_little_nook, shop, chequers_serial_rivers_marsh
D:11:     layout_gridville, serial_shops, nicolae_shop_gaudy_bauble, shop,
          fedhas_altar_3
D:12:     layout_cave_pools, minmay_circle_x
D:13:     cheibrodos_shockbox, layout_basic, lightli_vaults_fourway_checkpoint,
          uniq_lodul
D:14:     layout_loops_ring, nicolae_uskayaw_suspiria, st_stairs_13
D:15:     hangedman_depths_entry_civil_slaughter, layout_irregular_city,
          kiku_gazebo_pond_becter, uniq_agnes
Temple:   mainiacjoe_temple_coin_purse
Lair:1:   layout_regular_city
Lair:2:   cheibrodos_lair_river_kwai, layout_loops_ring,
          lightli_volcano_entry_magma_tube, gauntlet_entry_generic
Lair:3:   layout_regular_city, minmay_swamp_entry_reptiles,
          spider_nest_entry_funnel_web, infiniplex_staircase_pool,
          uniq_nergalle, uniq_sonja, uniq_urug
Lair:4:   layout_roguey [special_room_bee], dpeg_slime_entry_enclosed
Lair:5:   gammafunk_lair_ancient_temple, layout_regular_city, serial_forest,
          infiniplex_forest_clump_diagonal, infiniplex_forest_pool,
          infiniplex_forest_end_1, infiniplex_forest_end_2,
          infiniplex_forest_end_1, chequers_serial_rivers_micro_e
Swamp:1:  layout_basic_swamp, evilmike_swamp_ruin_house_1, swamp_pool1,
          infiniplex_staircase_pool_2
Swamp:2:  layout_basic_swamp, nicolae_swamp_stair_fork
Swamp:3:  layout_basic_swamp, hangedman_swamp_diagram, swamp_pool4,
          nzn_swamp_stair_ambush
Swamp:4:  swamp_icy, layout_basic_swamp, swamp_pool4
Spider:1: layout_cave_pods
Spider:2: layout_spider_delve, special_room, uniq_kirke
Spider:3: layout_spider_delve, ebering_ghost_inner_flame
Spider:4: grunt_spider_rune_parallel
Orc:1:    layout_caves, mines1_david
Orc:2:    grunt_orc_cross, layout_caves
Vaults:1: lightli_enter_wizlab_magi_temple, nicolae_vaults_apartment_1,
          grunt_vaults_bifocal, nicolae_vaults_hexular_roomagon,
          nicolae_vaults_house_1, nicolae_vaults_murder_corner, v_pattern_2,
          layout_vaults_omnigrid, nicolae_trove_entry_free_sample, uniq_asterion

Skill      XL: |  1  2  3  4  5  6  7  8  9 10 11 12 13 14 15 16 17 18 |
---------------+-------------------------------------------------------+-----
Armour         | 4 5 6 7 8 9 11 12 13 14 | 14.9
Fighting       | 4 5 6 8 9 11 12 13 15 16 17 18 | 18.9
Shields        | 4 5 6 8 10 12 15 18 19 21 23 | 23.2
Axes           | 3 4 5 6 8 10 12 14 16 17 18 19 20 21 22 | 22.1
Dodging        | 1 2 3 4 |  4.2
Stealth        | 1 2 |  2.5
Invocations    | 2 3 4 |  4.4
Throwing       | 2 3 4 6 8 9 |  9.1

Action                     |  1- 3 |  4- 6 |  7- 9 | 10-12 | 13-15 | 16-18 | 19-21 || total
---------------------------+-------+-------+-------+-------+-------+-------+-------++-------
  Melee: War axe           |    73 |   138 |   331 |   125 |       |       |       ||   667
         Headbutt          |    10 |    23 |    65 |   106 |   194 |   220 |     4 ||   622
         Broad axe         |       |       |       |   323 |   873 |   779 |    20 ||  1995
  Throw: Stone             |       |       |       |    22 |    46 |       |       ||    68
         Boomerang         |       |       |       |    16 |    97 |   127 |       ||   240
 Invoke: Heroism           |       |       |       |    14 |    32 |    11 |       ||    57
    Use: Scroll            |       |     9 |     7 |    13 |     6 |     5 |       ||    40
         Potion            |       |       |       |     1 |     3 |     8 |     2 ||    14
 Armour: Scale mail        |    31 |    33 |       |       |       |       |       ||    64
         Chain mail        |       |    13 |   126 |     5 |       |       |       ||   144
         Plate armour      |       |       |       |   165 |   172 |   185 |     2 ||   524
  Dodge: Dodged            |    31 |    55 |   103 |    84 |   151 |   260 |     9 ||   693
  Block: Buckler           |    14 |    25 |    38 |       |       |       |       ||    77
         Kite shield       |       |       |    48 |   194 |    79 |       |       ||   321
         Tower shield      |       |       |       |       |   848 |   921 |    22 ||  1791
         Reflection        |       |       |       |       |    13 |    50 |       ||    63
